 Dungeon Crawl Stone Soup version 0.30-a0-626-gd6a5dd7a1f (webtiles) character file.

Game seed: 7492216248692974074

1 NinjaNoafa the Grasshopper (level 1, 0/20 HPs)
             Began as a Gnoll Warper on Jan 11, 2023.
             Slain by a quokka (2 damage)
             ... on level 1 of the Dungeon.
             The game lasted 00:00:12 (23 turns).

NinjaNoafa the Grasshopper (Gnoll Warper)             Turns: 23, Time: 00:00:13

Health: 0/20       AC:  3    Str: 10    XL:     1   Next: 20%
Magic:  6/6        EV: 12    Int: 12    God:
Gold:   0          SH:  0    Dex: 11    Spells: 9/9 levels left

rFire   . . .      SeeInvis .    a - +0 falchion
rCold   . . .      Faith    .    (no shield)
rNeg    . . .      Spirit   .    b - +0 leather armour
rPois   .          Reflect  .    (no helmet)
rElec   .          Harm     .    (no cloak)
rCorr   .          Rampage  .    (no gloves)
Will    .....                    (no boots)
Stlth   +                        (no amulet)
HPRegen 0.23/turn                (no ring)
MPRegen 0.10/turn                (no ring)

@: no status effects
A: fangs 1, strong nose, distributed training
a: no special abilities


You were on level 1 of the Dungeon.
You visited 1 branch of the dungeon, and saw 1 of its levels.

Inventory:

Hand Weapons
 a - a +0 falchion (weapon)
Missiles
 d - 7 boomerangs of dispersal (quivered)
Armour
 b - a +0 leather armour (worn)
Scrolls
 c - a scroll of blinking


   Skills:
 + Level 4.4 Fighting
 + Level 0.0 Short Blades
 + Level 4.4 Long Blades
 + Level 0.0 Axes
 + Level 0.0 Maces & Flails
 + Level 0.0 Polearms
 + Level 0.0 Staves
 + Level 0.0 Ranged Weapons
 + Level 2.3 Throwing
 + Level 2.3 Armour
 + Level 4.4 Dodging
 + Level 0.0 Stealth
 + Level 0.0 Shields
 + Level 0.0 Unarmed Combat
 + Level 4.8 Spellcasting
 + Level 0.0 Conjurations
 + Level 0.0 Hexes
 + Level 0.0 Summonings
 + Level 0.0 Necromancy
 + Level 5.3 Translocations
 + Level 0.0 Transmutations
 + Level 0.0 Fire Magic
 + Level 0.0 Ice Magic
 + Level 0.0 Air Magic
 + Level 0.0 Earth Magic
 + Level 0.0 Poison Magic
 + Level 0.0 Invocations
 + Level 0.0 Evocations


You had 9 spell levels left.
You didn't know any spells.
Your spell library contained the following spells:

 Spells                   Type           Power      Damage    Failure   Level
 Blink                    Tloc           30%        N/A       4%          2
 Lesser Beckoning         Tloc           30%        N/A       9%          3
 Teleport Other           Tloc           15%        N/A       9%          3
 Vhi's Electric Charge    Tloc/Air       18%        N/A       26%         3
 Manifold Assault         Tloc           15%        N/A       30%         4


Dungeon Overview and Level Annotations

Branches:
Dungeon (1/15)

Altars:


Innate Abilities, Weirdness & Mutations

You have very sharp teeth.
Your uncanny sense of smell can sniff out nearby items.
Your experience applies equally to all skills.


Message History

An endoplasm is nearby!
A quokka comes into view.
The endoplasm hits the plant.
A goblin comes into view. It is wielding a +0 club.
The goblin shouts!
A quokka comes into view.
A ball python comes into view.
The endoplasm closely misses you.
The ball python hisses angrily.
You hit the endoplasm.
The endoplasm is almost dead.
A nearby plant withers and dies.
The endoplasm freezes you.
You are frozen.
You slash the endoplasm!
You kill the endoplasm!
The quokka attacks as you move away! The quokka closely misses you.
You miss the quokka. The quokka bites you.
The goblin hits you but does no damage. The ball python barely misses you. x2
You barely miss the quokka. The quokka barely misses you.
The ball python bites you. The ball python grabs you.
The ball python constricts you. The goblin hits you but does no damage.
You closely miss the quokka. The ball python closely misses you.
The ball python constricts you. The goblin hits you with a +0 club.
The quokka bites you. x2
You barely miss the quokka. The ball python barely misses you.
The ball python constricts you. The quokka closely misses you. x2
The goblin hits you with a +0 club.
You hit the plant but do no damage. The ball python barely misses you.
The ball python constricts you. The quokka closely misses you.
The quokka bites you.
* * * LOW HITPOINT WARNING * * *
The goblin hits you but does no damage. The ball python bites you.
* * * LOW HITPOINT WARNING * * *
The ball python constricts you.
* * * LOW HITPOINT WARNING * * *
You escape the ball python's grasp.
The quokka attacks as you move away! The quokka barely misses you.
The quokka bites you but does no damage.
The quokka bites you.
You die...

.....................
...>....P....P.......
#.....#.♣♣P..........
...#.....♣♣♣.........
..##.##..♣♣P....$=...
. .........P..#####..
##.....Sr........#
..#....rg..?.....
#...##@##.......#
.................#
.###.............#
####..........#
##......#### .......
....... .....##


You could see 2 quokkas, a goblin and a ball python.

Vanquished Creatures
  An endoplasm (D:1)
1 creature vanquished.

Vanquished Creatures (others)
  A plant (D:1)
1 creature vanquished.

Grand Total: 2 creatures vanquished

Notes
Turn   | Place    | Note
-------+----------+-------------------------------------------
     0 | D:1      | NinjaNoafa the Gnoll Warper began the quest for the Orb.
     0 | D:1      | Reached XP level 1. HP: 20/20 MP: 6/6
    23 | D:1      | Slain by a quokka

Illustrated notes

Levels and vault maps discovered:
D:1:      spicycebolla_arrival_clurvy, layout_rooms

Action                   || total
-------------------------++-------
Melee: Falchion          ||     7
Armor: Leather armour    ||     4
Dodge: Dodged            ||    12

Table legend: (Time is in decaauts)
 A = Elapsed time spent in this place.
 B = Non-inter-level travel time spent in this place.
 C = Inter-level travel time spent in this place.
 D = Time resting spent in this place.
 E = Time spent auto-exploring this place.
 F = Levels seen in this place.
 G = Mean time per level.
                   A        B        C        D        E       F      G
               +--------+--------+--------+--------+--------+-----+--------+
         Total |     23 |     23 |      0 |      0 |      2 |   1 |   23.0 |
       Dungeon |     23 |     23 |      0 |      0 |      2 |   1 |   23.0 |
               +--------+--------+--------+--------+--------+-----+--------+

Top non-repeatable levels by time:
     D:1: 23 daAuts
